 Dungeon Crawl Stone Soup version 0.22-a0-617-g6d95e9e (webtiles) character file.

86 Amnesiac the Magician (level 4, -2/37 HPs)
             Began as a Mummy Wizard on July 13, 2018.
             Slain by Sigmund
             ... wielding a +0 scythe
              (12 damage)
             ... on level 3 of the Dungeon.
             The game lasted 00:03:08 (2336 turns).

Amnesiac the Magician (Mummy Wizard)                Turns: 2336, Time: 00:03:09

Health: -2/37      AC:  2    Str: 10    XL:     4   Next: 26%
Magic:  0/10       EV: 12    Int: 18    God:
Gold:   145        SH:  0    Dex: 10    Spells: 0/11 levels left

rFire    x . .     SeeInvis .   b - +0 hunting sling
rCold    + . .     Gourm    .   (no shield)
rNeg     + + +     Faith    .   c - +0 robe
rPois    ∞         Spirit   .   (no helmet)
rElec    .         Reflect  .   (no cloak)
rCorr    .         Harm     .   (no gloves)
MR       .....                  (no boots)
Stlth    ++........             (no amulet)
HPRegen  0.12/turn              (no ring)
MPRegen  0.12/turn              (no ring)

@: very slightly contaminated
A: no food or potions, fire vulnerability, cold resistance 1, negative energy
resistance 3, torment resistance, unbreathing
a: no special abilities


You were on level 3 of the Dungeon.
You were not hungry.

You visited 1 branch of the dungeon, and saw 3 of its levels.

You collected 145 gold pieces.

Inventory:

Hand Weapons
 a - a +0 dagger of speed
 b - a +0 hunting sling (weapon)
 h - a +2 short sword of protection
Missiles
 e - 14 sling bullets
 g - 90 stones (quivered)
Armour
 c - a +0 robe (worn)
Wands
 o - a wand of scattershot (7)
Scrolls
 d - a scroll of fog {!r, unknown}
 f - 3 scrolls of remove curse {!r, unknown}
 i - a scroll of enchant weapon {!r, unknown}
 j - a scroll of fear {!r, unknown}
 k - 2 scrolls of teleportation {!r, unknown}
 l - a scroll of amnesia {!r, unknown}
 m - a scroll of noise {!r, unknown}
 n - a scroll of blinking {!r, unknown}


   Skills:
 + Level 3.9 Fighting
 - Level 1.5 Dodging
 - Level 1.5 Stealth
 - Level 4.0 Spellcasting
 - Level 1.0 Conjurations
 - Level 0.7 Summonings
 - Level 0.7 Translocations


You couldn't memorise any spells.
You knew the following spells:

 Your Spells              Type           Power        Failure   Level  Hunger
a - Magic Dart            Conj           #...         10%         1    N/A
b - Call Imp              Summ           #.......     17%         2    N/A
e - Mephitic Cloud        Conj/Pois/Air  #.......     36%         3    N/A
s - Conjure Flame         Conj/Fire      #.......     34%         3    N/A
v - Blink                 Tloc           N/A          17%         2    N/A

Your spell library contained the following spells:

 Spells                   Type           Power        Failure   Level  Hunger
 Slow                     Hex            #.......     22%         2    N/A

Dungeon Overview and Level Annotations

Branches:
Dungeon (3/15)

Altars:
Dithmenos
Fedhas
Nemelex Xobeh
The Shining One

Annotations:
D:3 1 runed door, Sigmund


Innate Abilities, Weirdness & Mutations

You do not eat or drink.
Your flesh is vulnerable to fire.
You are immune to poison.
Your flesh is cold resistant. (rC+)
You are immune to negative energy. (rN+++)
You are immune to unholy pain and torment.
You can survive without breathing.


Message History

The giant cockroach bites you but does no damage.
Something hits you.
* * * LOW HITPOINT WARNING * * *
A kobold comes into view.
The giant cockroach bites you but does no damage.
The kobold moves out of view.
The giant cockroach bites you.
* * * LOW HITPOINT WARNING * * *
The giant cockroach barely misses you.
You see here a whip.
The giant cockroach closely misses you.
Casting: Mephitic Cloud (slightly dangerous; 36% risk of failure)
Confirm with . or Enter, or press ? or * to list all spells.
Aiming: Mephitic Cloud (slightly dangerous; 36% risk of failure)
Press: ? - help, Shift-Dir - straight line, p - giant cockroach You miscast Mephitic Cloud.
The air around you crackles with energy!
The giant cockroach closely misses you. The giant cockroach bites you.
* * * LOW HITPOINT WARNING * * *
Things that are here:
a club; a hobgoblin corpse The giant cockroach bites you.
* * * LOW HITPOINT WARNING * * *
There is a large open door here.
The giant cockroach closely misses you.
There is a dry fountain here.
There is a dry fountain here.
Sigmund appears from thin air!
Reactivating autopickup.
Sigmund mumbles some strange words.
Sigmund flickers and vanishes!
Deactivating autopickup; reactivate with Ctrl-A.
You see here a club.
The giant cockroach bites you.
* * * LOW HITPOINT WARNING * * *
There is a large open door here.
The giant cockroach closely misses you.
The giant cockroach bites you but does no damage.
The giant cockroach closely misses you. The giant cockroach bites you.
* * * LOW HITPOINT WARNING * * *
Casting: Mephitic Cloud (slightly dangerous; 36% risk of failure)
Confirm with . or Enter, or press ? or * to list all spells.
Aiming: Mephitic Cloud (slightly dangerous; 36% risk of failure)
Press: ? - help, Shift-Dir - straight line You miscast Mephitic Cloud.
The wind howls around you!
The giant cockroach waves its antennae.
The giant cockroach completely misses you.
Something hits you but does no damage. The giant cockroach bites you.
* * * LOW HITPOINT WARNING * * *
The giant cockroach misses you. The giant cockroach closely misses you.
Casting: Mephitic Cloud (slightly dangerous; 36% risk of failure)
Confirm with . or Enter, or press ? or * to list all spells.
Aiming: Mephitic Cloud (slightly dangerous; 36% risk of failure)
Press: ? - help, Shift-Dir - straight line, f - giant cockroach
Aim: a giant cockroach (clinging)
You miscast Mephitic Cloud.
You are blasted with air!
The giant cockroach barely misses you. The giant cockroach bites you.
* * * LOW HITPOINT WARNING * * *
Something hits you!
You die...

###§'###..##
#§.......#####
####.).........###
#..........#.##...
#.##......##.##.##
#.##......##.##.#
#.##.#######....#
#s##.# ######
#@##.# #.##.#
#.##.# #....#
######


You could see a giant cockroach.

Vanquished Creatures
  2 oozes
  2 dart slugs (D:1)
  2 leopard geckos (D:2)
  An orc (D:3)
  13 giant cockroaches
  8 goblins
  4 hobgoblins
  16 bats
  4 frilled lizards (D:1)
  6 kobolds
  6 rats
64 creatures vanquished.

Notes
Turn   | Place    | Note
-------+----------+-------------------------------------------
     0 | D:1      | Amnesiac the Mummy Wizard began the quest for the Orb.
     0 | D:1      | Reached XP level 1. HP: 13/13 MP: 5/5
    31 | D:1      | Reached skill level 1 in Conjurations
   318 | D:1      | Found a sparkling altar of Nemelex Xobeh.
   339 | D:1      | Reached skill level 1 in Fighting
   382 | D:1      | Reached XP level 2. HP: 13/21 MP: 0/7
   396 | D:1      | Learned a level 2 spell: Call Imp
   922 | D:1      | Reached XP level 3. HP: 28/28 MP: 8/8
   927 | D:1      | Learned a level 3 spell: Conjure Flame
   931 | D:1      | Learned a level 3 spell: Mephitic Cloud
  1391 | D:2      | Found a glowing golden altar of the Shining One.
  1405 | D:2      | Found a shadowy altar of Dithmenos.
  1939 | D:2      | Found a blossoming altar of Fedhas.
  1983 | D:3      | Reached XP level 4. HP: 35/36 MP: 10/10
  1988 | D:3      | Learned a level 2 spell: Blink
  2203 | D:3      | Found a runed door.
  2235 | D:3      | Noticed Sigmund
  2336 | D:3      | Slain by Sigmund

Vault maps used:
D:1:      dpeg_arrival_fog, nemelex_diamond_rough_becter
D:2:      minmay_roachtagon, lemuel_doored_altar, lemuel_crystal_altar,
          nicolae_overflow_hidden_temple
D:3:      led_sif_pool, chequers_temple_overflow_minitemple,
          kennysheep_generic_room_12, uniq_crazy_yiuf_cottage, uniq_sigmund

Skill      XL: |  1  2  3 |
---------------+----------+-----
Conjurations   | 1 |  1.0
Fighting       | 1 2 3 |  3.9
Dodging        | |  1.5
Stealth        | |  1.5
Spellcasting   | |  4.0
Summonings     | |  0.7
Translocations | |  0.7

Action                   |  1- 3 |  4- 6 || total
-------------------------+-------+-------++-------
Melee: Unarmed           |    22 |       ||    22
       Dagger            |    12 |       ||    12
 Fire: Hunting sling     |   104 |    51 ||   155
 Cast: Magic Dart        |    33 |       ||    33
       Mephitic Cloud    |       |     2 ||     2
 Stab: Sleeping          |     1 |       ||     1
Armor: Robe              |    25 |     5 ||    30
Dodge: Dodged            |    78 |    28 ||   106

Table legend:
 A = Spawn XP
 B = Non-spawn XP
 C = Spawn XP percentage of total XP
 D = Spawn monster count
 E = Non-spawn monster count
 F = Spawn count percentage of total count
 G = Total turns spent on level
                    A         B        C        D         E        F      G
               +---------+---------+-------+---------+---------+-------+---------
         Total |       0 |     123 |   0.0 |       0 |      64 |   0.0 |  2336
               +---------+---------+-------+---------+---------+-------+---------
           D:1 |       0 |      51 |   0.0 |       0 |      28 |   0.0 |  1184
           D:2 |       0 |      45 |   0.0 |       0 |      24 |   0.0 |   793
           D:3 |       0 |      27 |   0.0 |       0 |      12 |   0.0 |   359
               +---------+---------+-------+---------+---------+-------+---------
